cohdb
Replays
Latest Replays
All Replays
Popular Replays
Top Player Replays
Match Explorer
How It Works
Community
CoH3 Stats
Reddit
Sign in to upload your games and track your stats! →
Sign in with Steam
Match 45803360
Unlisted
Match 45803360
Overview
Messages
Build Orders
End
Selects Airborne Battlegroup
Selects Heavy Machine Gun Paradrop
Construct Weapon Support Center
Heavy Machine Gun Paradrop
Engineer Squad
Construct Weapon Support Center
Bazooka Squad
Heavy Machine Gun Paradrop
Infantry Support Center
Selects Paratrooper Squad Paradrop
Paratrooper Squad Paradrop
Selects Recon Loiter
Construct Motor Pool
M8 Greyhound Armored Car
Selects Supply Drop
Construct Medical Station
M8 Greyhound Armored Car
Paratrooper Squad Paradrop
Supply Drop
Selects Anti-tank Gun Team Paradrop
Paratrooper Squad Paradrop
Anti-tank Gun Team Paradrop
M24 Chaffee Light Tank
braindamage
Eilte
Stana
aSIIDemolitionHammer
0
0
Comments
sign in to comment!
No comments posted yet!